 Dungeon Crawl Stone Soup version 0.29-b1-12-g9e2288ab2a (webtiles) character file.

Game seed: 4291298030897498961

4 LynnLen the Vexing (level 1, -1/10 HPs)
             Began as a Vampire Enchanter on Aug 24, 2022.
             Slain by a goblin
             ... wielding a +0 club
              (4 damage)
             ... on level 1 of the Dungeon.
             The game lasted 00:00:28 (83 turns).

LynnLen the Vexing (Vampire Enchanter)                Turns: 83, Time: 00:00:28

Health: -1/10      AC:  2    Str:  7    XL:     1   Next: 58%
Magic:  3/3        EV: 12    Int: 17    God:
Gold:   11         SH:  0    Dex: 14    Spells: 4/4 levels left

rFire   . . .      SeeInvis +   a - +1 dagger
rCold   + + .      Faith    .   (no shield)
rNeg    + + +      Spirit   .   b - +0 robe
rPois   ∞          Reflect  .   (no helmet)
rElec   .          Harm     .   (no cloak)
rCorr   .          Rampage  .   (no gloves)
Will    .....                   (no boots)
Stlth   +++++.....              (no amulet)
HPRegen 0.00/turn               (no ring)
MPRegen 0.08/turn               (no ring)

@: bloodless, inhibited regen
A: bloodless, fangs 3, see invisible, vampiric 1
a: Revivify


You were on level 1 of the Dungeon.
You visited 1 branch of the dungeon, and saw 1 of its levels.

You collected 11 gold pieces.

Inventory:

Hand Weapons
 a - a +1 dagger (weapon)
Armour
 b - a +0 robe (worn)
Potions
 c - 2 potions of invisibility


   Skills:
 - Level 1.1 Short Blades
 - Level 2.1 Dodging
 - Level 4.4 Stealth
 - Level 2.0 Spellcasting
 + Level 4.9 Hexes


You had 4 spell levels left.
You didn't know any spells.
Your spell library contained the following spells:

 Spells                   Type           Power      Damage    Failure   Level
 Confusing Touch          Hex            18%        N/A       8%          3
 Tukima's Dance           Hex            18%        N/A       8%          3
 Ensorcelled Hibernation  Hex/Ice        20%        N/A       11%         2
 Freeze                   Ice            4%         1d3       19%         1
 Dazzling Flash           Conj/Hex       20%        N/A       22%         3
 Frozen Ramparts          Ice            2%         1d1       50%         3
 Hailstorm                Conj/Ice       1%         3d3       88%         4


Dungeon Overview and Level Annotations

Branches:
Dungeon (1/15)

Altars:


Innate Abilities, Weirdness & Mutations

You do not regenerate when monsters are visible.
You are frail without blood (-20% HP).
You can heal yourself when you bite living creatures.
You are immune to poison.
You have razor-sharp teeth.
You have supernaturally acute eyesight. (SInv)
You are afflicted with vampirism.


Message History

The bat closely misses you.
You barely miss the bat.
The bat is severely wounded.
The bat hits you but does no damage. The bat barely misses you.
You see here a +0 dagger.
The bat hits you. The bat hits you but does no damage.
The bat closely misses you. The bat attacks as you move away!
The bat hits you but does no damage. x2
The bat hits you but does no damage. The bat barely misses you.
The bat attacks as you move away! The bat closely misses you.
The bat misses you. The bat hits you but does no damage.
You hit the bat.
You kill the bat!
You start resting.
HP restored.
You begin bloodletting.
You continue bloodletting. x5
You become bloodless.
You see here a bat corpse.
A giant cockroach comes into view.
A giant cockroach is nearby!
Found 4 stones.
A frilled lizard comes into view.
The frilled lizard hisses angrily.
A hobgoblin comes into view.
The frilled lizard bites you.
The hobgoblin shouts!
You hear a shout! x2
A goblin comes into view. It is wielding a +0 club.
The frilled lizard bites you.
You closely miss the frilled lizard.
The frilled lizard bites you but does no damage.
A goblin comes into view. It is wielding a +0 club.
You hit the frilled lizard.
You kill the frilled lizard!
The hobgoblin closely misses you. The hobgoblin misses you.
The goblin hits you with a +0 club.
* * * LOW HITPOINT WARNING * * *
You see here a frilled lizard corpse.
The goblin hits you with a +0 club.
You die...

# .# .# ..# #.# ...#
...# #... ##g.# ... #
..# ...#### ..##B
#.##....... #...#
#g†g# #...# #.@.#
#####.#.# #.#.# #
....#...#####.#.#..#
#....$...........#
#..........(.##
#####...###.###### .
............#
..###.......#########
..........))...†....#


You could see a hobgoblin and 2 goblins.

Vanquished Creatures
  A bat (D:1)
  2 goblins (D:1)
  A frilled lizard (D:1)
4 creatures vanquished.

Notes
Turn   | Place    | Note
-------+----------+-------------------------------------------
     0 | D:1      | LynnLen the Vampire Enchanter began the quest for the Orb.
     0 | D:1      | Reached XP level 1. HP: 13/13 MP: 3/3
    83 | D:1      | Slain by a goblin

Illustrated notes

Levels and vault maps discovered:
D:1:      spicycebolla_arrival_xxxplode, layout_loops_ring,
          ebering_ecumenical_altar_abandoned, nrook_mini_backslash,
          hangedman_decor_riveting, minmay_vboxes

Action                   || total
-------------------------++-------
Melee: Dagger            ||    11
       Bite              ||     1
 Abil: Exsanguinate      ||     1
Armor: Robe              ||    10
Dodge: Dodged            ||    16
